Map: 凯罗斯中转站-天梯版

Players

Time (Oliveira) - Winner!

  • Race: Terran Terran

Kelazhur

  • Race: Terran Terran

Event: WESG 2018 Grand Finals

VOD

Have the link to the VOD?

Description

Time

  • Played on: March 12, 2019, 2:28 a.m.
  • Length: 12:01

All games in this series

Show
View Real Time Build Order
Export as new Build Order

Time Terran - Winner!

Build Orders:  

Get SALT Encoding   

  12  0:00  SCV  
  13  0:13  SCV  
  14  0:17  Supply Depot  
  14  0:25  SCV  
  14  0:27  Refinery  
  15  0:39  SCV  
  16  0:44  Barracks  
  16  0:51  SCV  
  16  0:55  Refinery  
  17  1:03  SCV  
  18  1:15  SCV  
  19  1:32  Reaper, Orbital Command  
  20  1:36  Factory  
  20  1:45  Supply Depot  
  20  1:58  SCV  
  21  2:04  Reaper  
  22  2:10  SCV  
  23  2:20  Hellion  
  25  2:29  Command Center  
  25  2:31  SCV  
  25  2:36  Reaper  
  27  2:42  Hellion  
  29  2:46  Starport  
  29  2:53  Supply Depot  
  29  2:55  SCV  
  30  3:05  Factory Tech Lab  
  30  3:07  SCV  
  30  3:09  Barracks Tech Lab  
  31  3:19  SCV  
  32  3:23  Cyclone  
  35  3:30  Refinery  
  35  3:31  SCV  
  36  3:41  Orbital Command  
  36  3:42  Raven  
  36  3:44  SCV  
  39  3:50  Barracks Reactor  
  39  3:56  SCV  
  40  4:07  Siege Tank  
  40  4:08  SCV x2  
  45  4:15  Supply Depot  
  45  4:20  SCV x2  
  47  4:27  Marine x2  
  49  4:31  Raven  
  49  4:32  SCV x2  
  49  4:38  Supply Depot  
  53  4:44  SCV x2  
  53  4:45  Marine x2  
  57  4:47  Siege Tank  
  57  4:51  Supply Depot  
  60  4:56  SCV  
  60  4:57  SCV  
  62  5:00  Supply Depot  
  64  5:08  SCV  
  64  5:09  SCV  
  62  5:20  SCV  
  62  5:21  SCV  
  62  5:22  Viking x2  
  62  5:23  Marine, Siege Tank  
  70  5:31  Command Center  
  70  5:33  SCV  
  70  5:35  Refinery  
  71  5:37  Stimpack  
  71  5:39  SCV  
  71  5:41  Marine  
  73  5:45  SCV  
  74  5:51  SCV  
  74  5:57  SCV, Viking x2  
  77  5:58  Marine  
  82  6:04  Supply Depot  
  82  6:06  Siege Tank  
  85  6:12  SCV  
  85  6:16  Barracks, Marine  
  85  6:17  Barracks  
  84  6:26  SCV x2  
  84  6:30  Engineering Bay  
  84  6:31  Engineering Bay  
  86  6:32  Viking  
  86  6:34  Marine  
  86  6:37  Viking  
  91  6:40  SCV x2  
  58  6:47  Orbital Command  
  93  6:50  Siege Tank  
  95  6:55  SCV  
  95  6:59  Terran Infantry Weapons Level 1, Terran Infantry Armor Level 1  
  96  7:04  Barracks Reactor  
  96  7:06  Barracks Reactor  
  95  7:09  Viking  
  95  7:12  Viking  
  95  7:15  Marine  
  99  7:16  Orbital Command, SCV  
  99  7:17  SCV  
  102  7:26  Siege Tank  
  102  7:28  Barracks  
  102  7:29  Barracks  
  105  7:32  SCV  
  105  7:33  Supply Depot  
  105  7:36  SCV  
  107  7:41  SCV  
  107  7:43  Marine  
  109  7:46  Sensor Tower  
  109  7:52  Supply Depot  
  109  7:54  Marine x4, SCV x3, Supply Depot  
  116  8:01  Marine  
  116  8:06  Supply Depot, SCV  
  116  8:12  Marine x2  
  117  8:14  Marine x2, Siege Tank, SCV  
  117  8:18  Barracks Reactor  
  117  8:19  Barracks Reactor, SCV  
  126  8:20  Marine  
  126  8:21  SCV  
  126  8:24  Supply Depot  
  126  8:25  Medivac  
  126  8:26  Medivac, Refinery, SCV, Supply Depot  
  131  8:28  Refinery  
  131  8:30  Marine  
  131  8:32  Sensor Tower, SCV  
  133  8:35  Missile Turret  
  133  8:41  Combat Shield  
  133  8:46  Marine x3, SCV x3  
  133  8:47  Supply Depot  
  139  8:50  Supply Depot  
  139  8:51  Armory, Siege Tank  
  139  8:55  Marine x2  
  144  8:58  SCV x2  
  144  9:00  Marine  
  144  9:02  Medivac  
  148  9:04  Supply Depot  
  148  9:06  Supply Depot  
  148  9:07  Marine  
  148  9:09  Medivac, Marine x2  
  153  9:12  Marine x3, Missile Turret  
  156  9:22  Marine  
  156  9:23  Marine  
  158  9:26  Marine  
  158  9:28  Command Center  
  158  9:29  Marine x2  
  161  9:32  Siege Tank  
  161  9:34  Marine  
  161  9:38  Marine x2  
  166  9:39  Marine  
  166  9:40  Marine  
  166  9:44  Medivac x2  
  171  9:49  Marine x2  
  171  9:52  Marine  
  174  9:53  Command Center  
  174  9:57  Marine  
  175  10:04  Siege Tank  
  175  10:05  Marine x2  
  180  10:09  Marine  
  181  10:19  Supply Depot x2  
  181  10:21  Factory  
  181  10:27  Supply Depot  
  181  10:28  Marine  
  181  10:29  Marine  
  181  10:30  Marine  
  181  10:31  Marine, Liberator  
  181  10:32  Marine x2, Liberator  
  181  10:33  Marine  
  181  10:34  Marine  
  169  10:36  Siege Tank  
  169  10:37  Marine  
  141  10:46  Marine  
  141  10:47  Marine  
  141  10:48  Marine  
  141  10:49  Marine  
  144  10:50  Marine x2  
  144  10:51  Marine  
  144  10:52  Marine  
  144  10:54  Marine  
  149  10:59  SCV x2  
  149  11:04  Marine  
  152  11:05  Marine x2, SCV  
  152  11:07  Marine  
  152  11:08  Marine, Siege Tank  
  152  11:10  Factory Tech Lab, Marine x3  
  162  11:12  Marine  
  163  11:21  Marine  
  163  11:22  Marine  
  163  11:23  Marine  
  166  11:28  Marine  
  166  11:32  Marine  
  152  11:37  Marine  
  155  11:41  Marine  
Show
View Real Time Build Order
Export as new Build Order

Kelazhur Terran 

Build Orders: Cyclone Opening 

Get SALT Encoding   

  12  0:00  SCV  
  13  0:12  SCV  
  14  0:17  Supply Depot  
  14  0:25  SCV  
  14  0:27  Refinery  
  15  0:38  SCV  
  16  0:45  Barracks  
  16  0:50  SCV  
  16  0:55  Refinery  
  17  1:02  SCV  
  18  1:14  SCV  
  19  1:31  Orbital Command  
  19  1:33  Factory  
  19  1:34  Reaper  
  20  1:43  Supply Depot  
  20  1:57  SCV  
  21  2:06  Reaper  
  22  2:09  SCV  
  23  2:17  Hellion  
  23  2:21  SCV  
  26  2:28  Command Center  
  26  2:33  SCV  
  27  2:38  Factory Tech Lab, Barracks Reactor  
  27  2:41  Supply Depot  
  27  2:46  SCV  
  28  2:56  Cyclone  
  31  3:03  SCV  
  31  3:04  Starport  
  32  3:14  Marine  
  32  3:15  Marine, SCV  
  35  3:21  Refinery  
  35  3:27  SCV  
  35  3:28  Cyclone  
  39  3:39  Marine x2  
  39  3:40  Orbital Command  
  41  3:43  Starport Tech Lab  
  41  3:47  SCV  
  42  3:57  Marine x2, Supply Depot  
  42  3:59  SCV  
  42  4:02  Raven  
  47  4:06  SCV  
  48  4:10  Siege Tank  
  48  4:13  SCV  
  52  4:21  Supply Depot  
  52  4:22  Marine, SCV  
  52  4:24  Marine  
  54  4:25  SCV  
  55  4:34  SCV  
  55  4:37  SCV  
  57  4:40  Marine  
  57  4:42  Marine, Siege Tank  
  57  4:43  Supply Depot  
  60  4:46  SCV  
  60  4:49  SCV  
  60  4:51  Refinery  
  62  4:57  Raven  
  62  4:58  SCV  
  62  4:59  Marine x2  
  66  5:01  SCV  
  68  5:07  Supply Depot  
  68  5:10  SCV  
  65  5:16  Siege Tank  
  65  5:17  Marine x2  
  65  5:19  SCV  
  71  5:22  SCV  
  72  5:31  SCV, Supply Depot  
  72  5:34  SCV  
  72  5:35  Marine x2  
  75  5:39  Raven, Command Center  
  78  5:43  SCV  
  78  5:46  SCV  
  78  5:48  Supply Depot  
  80  5:51  Siege Tank  
  80  5:53  Marine x2  
  80  5:55  SCV  
  86  5:58  SCV  
  87  6:08  SCV  
  87  6:09  Barracks  
  87  6:10  Barracks, SCV  
  89  6:12  Supply Depot  
  89  6:20  SCV  
  89  6:23  Engineering Bay, Siege Tank  
  89  6:24  SCV  
  89  6:25  Engineering Bay  
  94  6:33  SCV  
  94  6:38  SCV  
  95  6:44  Marine  
  95  6:45  Stimpack, Viking, SCV  
  95  6:46  Viking  
  101  6:54  Orbital Command  
  101  6:55  SCV  
  101  6:57  Barracks Reactor, Terran Infantry Weapons Level 1, Terran Infantry Armor Level 1  
  101  6:58  Barracks Reactor  
  101  7:01  SCV  
  102  7:07  SCV  
  102  7:08  Marine  
  103  7:13  SCV  
  105  7:19  Supply Depot  
  105  7:21  SCV  
  106  7:23  Siege Tank, Supply Depot  
  106  7:26  SCV  
  106  7:29  Barracks x2  
  110  7:30  SCV  
  110  7:33  Marine, SCV  
  110  7:35  Marine x4  
  117  7:38  SCV  
  117  7:41  Refinery  
  117  7:42  SCV  
  119  7:44  Refinery  
  119  7:46  Medivac x2  
  119  7:49  SCV  
  119  7:50  SCV  
  125  7:58  Marine  
  124  7:59  Marine x3, Supply Depot  
  124  8:01  Marine  
  124  8:02  SCV  
  130  8:10  Siege Tank  
  133  8:14  Supply Depot  
  133  8:15  SCV  
  128  8:20  Medivac x2  
  128  8:22  Barracks Reactor x2  
  128  8:23  Marine x5  
  137  8:31  Armory  
  137  8:40  Marine  
  137  8:41  Marine x2  
  140  8:43  Marine x2  
  142  8:48  Command Center  
  142  8:50  Missile Turret, Siege Tank  
  144  8:58  Marine x3  
  144  8:59  Combat Shield  
  144  9:00  Medivac x2  
  151  9:05  Marine  
  151  9:06  Marine  
  151  9:07  Marine x4  
  157  9:16  Marine  
  157  9:19  Supply Depot  
  157  9:20  Supply Depot  
  157  9:21  Supply Depot  
  157  9:23  Sensor Tower  
  157  9:32  Terran Infantry Weapons Level 2  
  157  9:34  Sensor Tower  
  157  9:35  Terran Infantry Armor Level 2  
  157  9:41  Marine x9  
  165  9:49  Siege Tank  
  165  9:53  Terran Vehicle Weapons Level 1, Supply Depot  
  165  9:56  Medivac x2  
  165  9:58  Marine x3  
  171  10:03  Marine  
  171  10:04  Marine x2  
  171  10:08  Marine  
  171  10:10  Marine  
  171  10:11  Marine  
  173  10:16  Marine x3  
  173  10:21  Marine  
  177  10:22  Marine x2, Siege Tank, Planetary Fortress  
  163  10:38  Marine x6  
  163  10:39  Marine x2  
  163  10:40  Marine, Viking x2  
  119  10:54  Siege Tank  
  119  10:55  Marine  
  119  10:56  Marine x4  
  124  11:02  Marine  
  123  11:05  Marine  
  123  11:06  Marine  
  121  11:13  Marine  
  121  11:14  Marine x3  
  121  11:16  Viking x2  
  128  11:19  Sensor Tower  
  128  11:20  Barracks  
  128  11:21  Barracks  
  128  11:23  Barracks  
  123  11:31  Marine x3  
  106  11:37  Marine  
  106  11:38  Marine  
  106  11:39  Marine  
  100  11:40  Marine x2  
  100  11:41  Marine  
Tags
 
Add a new tag
Caveats
  • Supply blocks, unpowered buildings, or Contaminate may cause inaccurate times.
  • Supply counts are checked every 10 seconds.